[Event "*** Titled Tuesday Blitz"]
[Site "Chess.com"]
[Date "2021.03.30"]
[Round "4"]
[White "Cptn2"]
[Black "ChessQueen"]
[Result "0-1"]
[WhiteElo "2498"]
[BlackElo "2711"]
[TimeControl "180+1"]
[EndTime "10:41:08 PDT"]
[Termination "ChessQueen won by resignation"]

1. e4 c6 2. Nf3 d5 3. Nc3 dxe4 4.
Nxe4 Nf6 5. Qe2 Nxe4 6. Qxe4 Nd7 7.
Bc4 Nf6 8. Ne5 e6 9. Qe2 b5 10. Bb3 Qc7 11. O-O Bd6 12. d4 O-O 13. a4 c5 14. axb5 cxd4 15. Nf3 Bb7 16. h3 e5 17. Bg5 Ne4 18. Bh4 h6 19. Nd2 Nc5 20. Bg3 Nxb3 21. Nxb3 f5 22. Na5 Bd5 23. f3 e4 24. Bxd6 Qxd6 25. fxe4 Bxe4 26. Qc4+ Kh8 27.
Nc6 d3 28. cxd3 Bxd3 29. Rfd1 Bxc4 30. Rxd6 Bxb5 31. Ra5 a6 32. Nd4 Bd3 33. Ne6 Rf6 34. Rxd3 Rxe6 35. Rxf5 Rb6 36. b3 Ra7 37. Ra5 Rc7 38.
Kh2 Kh7 39. Rg3 Rc2 40. Ra3 Rb2 41. Ra4 h5 42. h4 Kh6 43. Ra5 g6 44. Ra4 Kg7 45.
Rf3 Rd6 46. Kh3 Rb6 47. Kh2 Rd2 48. Kh3 Rd5 49. Kh2 Rdb5 50. Ra3 a5 51. Ra4 Rb4 52. Rxa5 Rxh4+ 53. Kg1 Rhb4 54. Ra3 Kh6 55. Rd3 R4b5 56. Kf2 h4 57. Ke2 Kh5 58. Kd2 g5 59. Kc3 Rc6+ 60. Kd4 Rb4+ 61. Ke3 Rcb6 62. Kd2 R4b5 63. Kc2 g4 64.
Ra4 Rg5 65. Ra8 h3 66. Rh8+ Rh6 67. Rxh6+ Kxh6 68. gxh3 g3 69. Rd1 g2 70. Rg1 Rg3 71.
Kd2 Kh5 72. Ke2 Kh4 73. Kf2 Kxh3 74. b4 Rb3 75. Re1 Kh2 76. b5 Rxb5 77. Kf3 Rf5+ 78. Kg4 Rf1 0-1

[Event "*** Titled Tuesday Blitz"]
[Site "Chess.com"]
[Date "2021.03.30"]
[Round "4"]
[White "dennisodessa"]
[Black "Trankuilizer"]
[Result "0-1"]
[WhiteElo "2337"]
[BlackElo "2589"]
[TimeControl "180+1"]
[EndTime "10:41:09 PDT"]
[Termination "Trankuilizer won by checkmate"]

1. c4 Nf6 2. d4 c5 3. d5 b5 4.
cxb5 a6 5. bxa6 Bxa6 6. Nc3 g6 7.
Nf3 d6 8. e4 Bxf1 9. Kxf1 Bg7 10. g3 Nbd7 11. Kg2 Qa5 12. a4 Rb8 13. Qc2 O-O 14.
Ra2 Qb4 15. Bd2 Rfc8 16. Re1 Qb3 17. Qxb3 Rxb3 18. a5 Ne8 19. Bg5 Kf8 20. a6 Nc7 21. a7 Ra8 22. Nd2 Rb7 23. Rea1 Nb6 24. Ra5 Nc8 25.
Nc4 Rbxa7 26. Bd2 Rxa5 27. Rxa5 Rxa5 28. Nxa5 Nb6 29. b3 f5 30. f3 Kf7 31. Nc4 Nd7 32.
Kf2 Bd4+ 33. Ke2 Nf6 34. Kd3 Na6 35. Ne2 Ba1 36. Ba5 fxe4+ 37. fxe4 Ng4 38. h4 Nb8 39. Bd2 Nd7 40. Bf4 Ndf6 41. Bg5 Nh5 42. Bf4 Nxf4+ 43. Nxf4 Bd4 44. Nd2 Bf2 45. Ne2 Ne5+ 46. Kc2 Be1 47. Nf1 h6 48. Kd1 Bb4 49. Kc2 g5 50. hxg5 hxg5 51.
Ne3 Nf3 52. Nf5 Kf6 53. Kd3 Ne5+ 54. Ke3 Ng4+ 55. Kd3 Be1 56. Ne3 Ne5+ 57. Kc2 Bf2 58. Nf5 Ng4 59. Kd3 Ne5+ 60. Kc2 g4 61. Kd2 Nf3+ 62. Kd3 Be1 63. Nf4 Ba5 64. Nh5+ Kg5 65. Nxe7 Kxh5 66. Nc6 Bc7 67. Ne7 Kg5 68. Ke2 Kf6 69.
Nc6 Nd4+ 70. Kd3 Nxc6 71. Kc4 Ke5 72. dxc6 Kxe4 73. Kb5 d5 74. Ka6 Ke5 75. Kb7 Kd6 76.
b4 d4 77. Kc8 cxb4 78. Kb7 d3 79. Kc8 d2 80. Kb7 d1=Q 81. Kc8 Qd5 82. Kb7 Qxc6+ 83. Kc8 Qa8# 0-1

[Event "*** Titled Tuesday Blitz"]
[Site "Chess.com"]
[Date "2021.03.30"]
[Round "4"]
[White "BrandonJacobson"]
[Black "Funo09"]
[Result "1/2-1/2"]
[WhiteElo "2971"]
[BlackElo "2762"]
[TimeControl "180+1"]
[EndTime "10:41:10 PDT"]
[Termination "Game drawn - insufficient material"]

1. d4 Nf6 2. c4 Nc6 3. Nf3 d6 4. Nc3 Bg4 5. d5 Bxf3 6. exf3 Nb8 7. f4 g6 8. Bd3 c6 9. O-O Bg7 10. Re1 O-O 11. Qe2 Re8 12. f5 Nbd7 13. f4 Nc5 14. Bc2 cxd5 15. cxd5 Rc8 16. fxg6 hxg6 17. f5 gxf5 18.
Bxf5 e6 19. dxe6 Nxe6 20. Qf2 d5 21. Rd1 Qa5 22. Bd2 d4 23. Ne2 Qe5 24. Ng3 Nd5 25.
Bxe6 Rxe6 26. Nf5 Rc2 27. Nxg7 Qxg7 28. Rac1 d3 29. Rxc2 dxc2 30. Rc1 Qxb2 31. Qc5 Qxa2 32. Rxc2 Qb1+ 33. Rc1 Qd3 34. Qc8+ Kh7 35. Qd7 Rf6 36. Bg5 Rf5 37. h3 Qd4+ 38. Kh1 Rxg5 39. Qxf7+ Qg7 40.
Qe8 Nf6 41. Qd8 Rd5 42. Qc8 Rd7 43. Qc2+ Qg6 44. Qa4 Qg5 45. Rf1 Rf7 46. Qxa7 Kg7 47. Qd4 Qg6 48. Qb4 Qe4 49. Qb2 Qd5 50. Kh2 Qg5 51.
Kh1 Kg6 52. Rf3 Kh7 53. Qf2 Qg6 54. Qe2 Qb1+ 55. Kh2 Qg6 56. Qf2 Qh6 57. Qc2+ Kg7 58.
Rg3+ Kh8 59. Qc8+ Rf8 60. Qxb7 Nh5 61. Qb2+ Rf6 62. Qb8+ Rf8 63. Qb2+ Qf6 64. Qxf6+ Rxf6 65. Rg5 Ng7 66. Ra5 Kh7 67. g4 Kg6 68. Kg3 Rc6 69. h4 Rc3+ 70. Kf4 Ne6+ 71. Ke5 Ng7 72. Kf4 Rc4+ 73. Kg3 Ne6 74. Ra6 Kf6 75. h5 Re4 76. Kh4 Re1 77. g5+ Kf5 78. Ra5+ Re5 79. Rxe5+ Kxe5 80. h6 Kf5 81. h7 Nf8 82. h8=Q Ng6+ 83. Kg3 Nxh8 84. g6 Nxg6 1/2-1/2

[Event "*** Titled Tuesday Blitz"]
[Site "Chess.com"]
[Date "2021.03.30"]
[Round "4"]
[White "Sadykov_Ramil"]
[Black "fabianvivasz"]
[Result "1-0"]
[WhiteElo "2606"]
[BlackElo "2400"]
[TimeControl "180+1"]
[EndTime "10:41:11 PDT"]
[Termination "Sadykov_Ramil won by resignation"]

1. e4 c5 2. Nf3 d6 3. Bc4 Nf6 4. d3 e6 5. Bb3 Be7 6. c3 Nc6 7. O-O O-O 8. Re1 e5 9. h3 Qc7 10. Nbd2 h6 11. Nf1 Be6 12. Ne3 Rad8 13. Bd5 Bxd5 14. exd5 Nb8 15. d4 cxd4 16. cxd4 Nbd7 17. dxe5 dxe5 18. Nf5 Bd6 19. Be3 Nb6 20. Rc1 Qd7 21.
Nxd6 Qxd6 22. Bc5 Qxd5 23. Qxd5 Nbxd5 24. Bxf8 Kxf8 25. Nxe5 Nb4 26. a3 Nbd5 27. g3 g6 28.
h4 Rd6 29. Rc8+ Kg7 30. Kg2 Rb6 31. Re2 a5 32. Rb8 Rb3 33. Nc4 a4 34. Na5 Rb5 35. Nxb7 Nh5 36. Ree8 Nhf6 37. Red8 Rxb2 38. Nc5 Rc2 39.
Nxa4 Ne3+ 40. Kf3 Nf5 41. Rb2 Rc4 42. Nb6 Rc3+ 43. Kg2 Rxa3 44. Nd5 Nd4 45. Nxf6 Kxf6 46. Rxd4 Ra7 47. Rf4+ Kg7 48. Rfb4 Re7 49. Rb7 Re6 50. Rc2 Rf6 51. Rcc7 h5 52. f4 Rf5 53. Kf3 Rf6 54. g4 hxg4+ 55. Kxg4 Rf5 56. Re7 Rf6 57. h5 gxh5+ 58. Kg5 Rg6+ 59. Kxh5 Rh6+ 60. Kg4 Rg6+ 61. Kf3 Rf6 62. Ke4 Kg6 63. Re5 Kg7 64. Rg5+ Kh6 65. Rf5 Re6+ 66. Kf3 Kg6 67. Rfxf7 Ra6 68. Rfc7 Kf5 69. Rc5+ Ke6 70. Kg4 Kd6 71. Rcb5 Ra1 72. R7b6+ Kc7 73. Rh6 Kd7 74. Rb7+ Kc8 75. Rf7 Rg1+ 76.
Kf5 Rg8 77. Kf6 Rd8 78. f5 Rd6+ 79. Kg7 Rd8 80. Rf8 Rxf8 81. Kxf8 1-0

[Event "*** Titled Tuesday Blitz"]
[Site "Chess.com"]
[Date "2021.03.30"]
[Round "4"]
[White "Spring199"]
[Black "Sergey85Rodchenkov"]
[Result "0-1"]
[WhiteElo "2342"]
[BlackElo "2512"]
[TimeControl "180+1"]
[EndTime "10:41:17 PDT"]
[Termination "Sergey85Rodchenkov won on time"]

1. d4 Nf6 2. c4 e6 3. Nf3 b6 4.
g3 Bb7 5. Bg2 Be7 6. O-O O-O 7.
Nc3 Na6 8. Qc2 d5 9. a3 Re8 10. Ne5 Bf8 11. Bg5 h6 12. Bxf6 gxf6 13. Ng4 f5 14. Ne5 c6 15. cxd5 cxd5 16. e3 Nc7 17. Qe2 Ba6 18. Qh5 Qf6 19. Rfe1 Rac8 20. g4 fxg4 21.
Qxg4+ Qg5 22. Qf3 f6 23. Ng4 Bg7 24. e4 h5 25. Ne3 Bb7 26. exd5 Nxd5 27. Ncxd5 exd5 28. Nf5 Kf8 29. Rxe8+ Rxe8 30. Nd6 Re7 31. Nxb7 Rxb7 32.
Qxd5 Qxd5 33. Bxd5 Rd7 34. Bf3 Rxd4 35. Bxh5 Rd2 36.
b4 f5 37. Re1 Bd4 38. Re2 Rd3 39. Re8+ Kg7 40. a4 Kf6 41. Kg2 Ra3 42. Rd8 Be5 43. Be8 Rb3 44. Ra8 Rxb4 45. Rxa7 Rg4+ 46. Kf1 Rh4 47.
Rb7 Bd4 48. Rf7+ Ke5 49. Bd7 f4 50. Rf5+ Kd6 51. Bc8 Be5 52. Rg5 f3 53. Bb7 Rxh2 54. Bxf3 Bd4 55. Rg6+ Kc5 56. Rg2 Rh1+ 57. Ke2 Ra1 58.
Rg5+ Kb4 59. Kd3 Bxf2 60. Ke4 Rxa4 61. Rg6 Bc5 62. Be2 Ra3 63. Kd5 Re3 64. Bg4 Kc3 65. Bd7 Rd3+ 66. Kc6 Rd4 67. Be8 Rd8 68. Kb5 Bd4 69. Rg3+ Kd2 70. Bg6 Be3 71. Rg2+ Kc3 72.
Rg3 Kd4 73. Rg2 Rd5+ 74. Kxb6 Ke5+ 75. Kc6 Rd6+ 76. Kc7 Rd1 0-1

[Event "*** Titled Tuesday Blitz"]
[Site "Chess.com"]
[Date "2021.03.30"]
[Round "4"]
[White "Mr_Sinigami"]
[Black "Myshakov_Fedor"]
[Result "1-0"]
[WhiteElo "2537"]
[BlackElo "2355"]
[TimeControl "180+1"]
[EndTime "10:41:18 PDT"]
[Termination "Mr_Sinigami won on time"]

1. b3 d5 2. Bb2 Nf6 3. Nf3 Bf5 4. g3 e6 5. Bg2 Be7 6. O-O O-O 7. d3 Nbd7 8. c4 c6 9. Nc3 Qc7 10. Re1 Rad8 11. a3 b6 12. Rc1 a6 13.
Nh4 Bg4 14. h3 Bh5 15. g4 Bg6 16. Nxg6 hxg6 17. e3 Bd6 18. Qe2 Rfe8 19. b4 dxc4 20. dxc4 Be5 21. c5 bxc5 22. Qxa6 cxb4 23. axb4 c5 24. Nb5 Qb8 25. Bxe5 Qxe5 26. f4 Qb2 27.
bxc5 Nb8 28. Qb7 Rd7 29. Rb1 Qc2 30. Qa8 Qxc5 31. Nd4 Rdd8 32. Rec1 Qf8 33. Qa7 Nd5 34. Nf3 Nd7 35. Qd4 N7f6 36. Ne5 Qa3 37. Nc4 Qa4 38.
Ra1 Qb4 39. Rcb1 Qc3 40. Qxc3 Nxc3 41. Rb2 Rc8 42. Nd6 Red8 43. Nxc8 Rxc8 44. Rc2 Rc7 45. Kh2 Ncd5 46. Rxc7 Nxc7 47. Ra7 Ncd5 48. Bxd5 Nxd5 49. Ra3 Kf8 50. Kg3 Ke7 51. Kf3 Nf6 52. h4 Nd5 53. Ra7+ Ke8 54. e4 Nf6 55. g5 Nd7 56. Ke3 Ke7 57.
Kd4 Kd6 58. Ra6+ Ke7 59. Kc4 Kd8 60. Kb5 Ke7 61. Ra7 Kd8 62. Kc6 Nb8+ 63. Kd6 Kc8 64. Rxf7 Na6 65. Kxe6 Nc5+ 66. Kd5 Nd7 67. Rxg7 Kd8 68.
Kd6 Nf8 69. Rf7 Ke8 70. Re7+ Kd8 71. f5 gxf5 72. exf5 Ne6 73. fxe6 1-0

[Event "*** Titled Tuesday Blitz"]
[Site "Chess.com"]
[Date "2021.03.30"]
[Round "4"]
[White "ChessWarrior7197"]
[Black "TorFredrikKaasen"]
[Result "1/2-1/2"]
[WhiteElo "2896"]
[BlackElo "2742"]
[TimeControl "180+1"]
[EndTime "10:41:22 PDT"]
[Termination "Game drawn - insufficient material"]

1. Nf3 Nf6 2. c4 g6 3. b3 Bg7 4. Bb2 d6 5. g3 e5 6. Bg2 O-O 7. O-O Re8 8. d3 c6 9. Nc3 Nbd7 10.
Nd2 a5 11. a3 h5 12. h3 Nf8 13.
b4 d5 14. cxd5 cxd5 15. b5 Be6 16. Rc1 Rc8 17. Na4 N6d7 18. Rxc8 Qxc8 19. Qa1 Qb8 20. Rc1 Rc8 21. b6 Rc6 22. Nb3 Nxb6 23. Nac5 Qa7 24. Bxe5 Bxe5 25. Qxe5 Nbd7 26. Nxd7 Rxc1+ 27. Nxc1 Nxd7 28.
Qc7 Qd4 29. Qxa5 Qb2 30. Qc7 Qxa3 31. d4 Qa1 32. e3 Qb2 33. Bf1 Qb1 34. Bd3 Qb2 35. Kg2 b5 36. Ne2 b4 37. Nf4 Nf8 38.
Qb8 Kg7 39. Qe5+ Kg8 40. Nxd5 Bxd5+ 41. Qxd5 Qc3 42. Bc4 Ne6 43. Qb5 Kg7 44. d5 Ng5 45.
d6 Qf6 46. d7 Qf3+ 47. Kf1 Nxh3 48. Qe5+ Kh7 49. Qb2 Qd1+ 50. Kg2 Qg1+ 51. Kf3 Qd1+ 52. Ke4 Qxd7 53. Bd5 Ng5+ 54. Ke5 f6+ 55. Kd4 Ne6+ 56.
Kc4 Qc7+ 57. Kxb4 Qc5+ 58. Ka4 Qxd5 59. Qxf6 Nc5+ 60. Kb4 Nd3+ 61. Kc3 Qe5+ 62. Qxe5 Nxe5 63. Kd2 Kh6 64. f4 Ng4 65. e4 Kg7 66. Kd3 Kf7 67.
Kd4 Ke6 68. Kd3 Nf6 69. Kd4 Ng8 70. Ke3 Ne7 71. Kf3 Kf6 72. g4 hxg4+ 73. Kxg4 Kf7 74. f5 gxf5+ 75. exf5 Nxf5 1/2-1/2

[Event "*** Titled Tuesday Blitz"]
[Site "Chess.com"]
[Date "2021.03.30"]
[Round "4"]
[White "Tenamu"]
[Black "Savva09022009"]
[Result "1-0"]
[WhiteElo "2428"]
[BlackElo "2595"]
[TimeControl "180+1"]
[EndTime "10:41:28 PDT"]
[Termination "Tenamu won by checkmate"]

1. e4 c5 2. Nf3 d6 3. Bb5+ Nd7 4. O-O Nf6 5. Re1 g6 6. c3 Bg7 7. d4 a6 8. Ba4 O-O 9. h3 b5 10. Bc2 Bb7 11. Nbd2 Qc7 12. d5 Rfe8 13. c4 e6 14. dxe6 fxe6 15. e5 Nxe5 16. Nxe5 dxe5 17. Qe2 Nh5 18.
Be4 Nf4 19. Qf1 Rad8 20. g3 Bxe4 21. Nxe4 Nd3 22. Re2 bxc4 23. Be3 Qc6 24. Qg2 Rd5 25. Rc2 Qa4 26. Re2 Rb8 27. Nc3 Qc6 28. Rd1 Rd6 29. Ne4 Rd5 30. Nc3 a5 31. b3 cxb3 32. axb3 Nb4 33.
Rc1 Nd3 34. Rd1 Nb4 35. Rc1 Rd3 36. Qxc6 Nxc6 37. Ne4 Bf8 38. Bxc5 Nd4 39. Ra2 Nxb3 40. Rb1 Rdd8 41. Bxf8 Kxf8 42. Ra3 Nd4 43. Rxb8 Rxb8 44. Rxa5 Nc6 45. Rc5 Rc8 46. Nd6 Rc7 47. Nb5 Rc8 48.
Kg2 Ke7 49. Nc3 Kd6 50. Ne4+ Ke7 51. h4 Kd7 52. g4 Rf8 53. g5 Rf4 54. f3 Rxh4 55. Rc1 Nd4 56. Rd1 Kc6 57. Rc1+ Kd7 58.
Rd1 h6 59. Kg3 hxg5 60. Nxg5 Rh5 61. Nf7 Rf5 62. Nxe5+ Rxe5 63. Rxd4+ Ke7 64. Ra4 Kf6 65. Kg4 Rg5+ 66. Kf4 Rh5 67. Kg3 Rh1 68. Ra8 Kg5 69. Ra5+ Kf6 70. Ra8 Kf5 71. Rf8+ Kg5 72. f4+ Kh6 73.
Rh8+ Kg7 74. Rxh1 Kf6 75. Kg4 e5 76. fxe5+ Kxe5 77. Kg5 Kd4 78. Kxg6 Ke3 79. Rh4 Kd3 80. Kg5 Ke3 81. Rf4 Kd3 82. Kf5 Kc3 83. Ke5 Kd3 84. Re4 Kc3 85. Rd4 Kb3 86. Kd5 Ka3 87. Kc5 Kb3 88.
Rc4 Ka3 89. Rc3+ Ka2 90. Kb4 Kb2 91. Kc4 Ka2 92. Rb3 Ka1 93. Kc3 Ka2 94. Kc2 Ka1 95. Ra3# 1-0

[Event "*** Titled Tuesday Blitz"]
[Site "Chess.com"]
[Date "2021.03.30"]
[Round "4"]
[White "GiorgianBarbosa"]
[Black "enriquetejedor"]
[Result "0-1"]
[WhiteElo "2421"]
[BlackElo "2616"]
[TimeControl "180+1"]
[EndTime "10:41:45 PDT"]
[Termination "enriquetejedor won by resignation"]

1. d4 Nf6 2. c4 e6 3. Nc3 d5 4. cxd5 Nxd5 5. e4 Nxc3 6. bxc3 c5 7. Nf3 Be7 8. Bb5+ Bd7 9. Bxd7+ Nxd7 10. O-O O-O 11.
Rb1 cxd4 12. cxd4 Nb6 13. Bf4 Rc8 14. a4 Qd7 15. Ne5 Qxa4 16. Qxa4 Nxa4 17. Rxb7 Bf6 18.
Rxa7 Nc3 19. Be3 Nxe4 20. Nd7 Rfd8 21. Nxf6+ Nxf6 22. Rb1 Rd7 23. Rxd7 Nxd7 24. Rb7 Nf6 25. g3 h6 26. Kg2 Nd5 27. Kf3 Kf8 28. h4 Ne7 29. Ra7 Nc6 30. Ra6 Nb4 31. Ra7 h5 32. Rb7 Nd5 33. Ra7 Ne7 34. Rb7 Nf5 35. Ra7 Nd6 36. Rd7 Nb5 37. Rb7 Nd6 38. Rd7 Nc4 39.
Rb7 Kg8 40. Ra7 Nd6 41. Rd7 Ne8 42. Rb7 Rd8 43. Ra7 Nd6 44. Ra4 Kh7 45. Rb4 Kg6 46. Ra4 Rc8 47. Ra5 f6 48. Ra6 Rd8 49. Ra7 Nb5 50. Ra6 Nc7 51. Rc6 Rd7 52. Rb6 Kf7 53. Rb4 Nd5 54. Ra4 Rc7 55. Ra5 Rb7 56. Rc5 Kg6 57.
Ra5 Kf5 58. Rc5 Ra7 59. Rb5 Ra3 60. Rc5 g6 61. Rb5 Rc3 62. Rc5 Ra3 63. Rb5 g5 64.
hxg5 fxg5 65. Rb8 g4+ 66. Ke2 Nxe3 67. fxe3 Ke4 68. Re8 Rxe3+ 69. Kf2 Kxd4 70. Rd8+ Ke4 71. Re8 Rf3+ 72. Kg2 e5 73. Rh8 Rf5 74. Ra8 Rf6 75. Rh8 Rf5 76. Ra8 Kd5 77. Ra5+ Ke6 78. Ra6+ Kf7 79. Ra7+ Kg6 80. Re7 Rg5 81. Re6+ Kf5 82. Ra6 Rg6 83. Ra5 Rh6 84. Ra4 h4 85. gxh4 Rxh4 86. Ra8 Rh6 87. Kg3 Rh3+ 88. Kg2 Rf3 89.
Rf8+ Ke4 90. Ra8 Rc3 91. Rg8 Kf5 92. Rf8+ Ke4 93. Rg8 Rc2+ 94. Kg3 Ke3 95. Kxg4 Rg2+ 0-1

[Event "*** Titled Tuesday Blitz"]
[Site "Chess.com"]
[Date "2021.03.30"]
[Round "4"]
[White "pheonixking2000"]
[Black "GM_LOADING"]
[Result "0-1"]
[WhiteElo "2759"]
[BlackElo "2537"]
[TimeControl "180+1"]
[EndTime "10:41:50 PDT"]
[Termination "GM_LOADING won on time"]

1. Nf3 Nf6 2. g3 d5 3. Bg2 c6 4. O-O Bg4 5. d3 Nbd7 6. h3 Bh5 7. Qe1 e6 8. e4 h6 9. e5 Nh7 10. Nbd2 Be7 11. Qe2 Ng5 12. g4 Nxf3+ 13. Nxf3 Bg6 14. Nd4 c5 15. Nb5 Qb6 16. Nc3 h5 17. a4 hxg4 18. hxg4 O-O-O 19. a5 Qc7 20. Bf4 Kb8 21. Rae1 a6 22.
Bg3 Bh4 23. Bh2 Qxa5 24. Nxd5 exd5 25. e6+ Ka7 26. exd7 Rxd7 27. b4 cxb4 28. Be5 Bf6 29. Bxf6 gxf6 30. Qe3+ Ka8 31. Qd4 Rg8 32. f4 f5 33. g5 Rc8 34. Ra1 Qc5 35. Qxc5 Rxc5 36.
Rf2 Rdc7 37. Re1 Rxc2 38. Rxc2 Rxc2 39. Bxd5 Rc7 40. Kf2 Ka7 41. Rb1 Rd7 42. Bf3 Rxd3 43.
Rxb4 b5 44. Rb1 Rd6 45. Re1 f6 46. Re7+ Kb6 47. gxf6 Rxf6 48. Kg3 Bf7 49. Kh4 Bc4 50. Kg5 Re6 51. Rb7+ Kc5 52. Kxf5 Rd6 53. Ke5 Rd3 54. Be4 Re3 55. Rc7+ Kb4 56. Kd4 Re1 57.
f5 a5 58. f6 a4 59. Bf5 Rf1 60. Ke5 a3 61. Rxc4+ bxc4 62. f7 a2 63. f8=Q+ Kb3 64. Qb8+ Kc3 65. Qb6 a1=Q 66. Ke6 Qe1+ 67. Kf6 Rxf5+ 68.
Kxf5 Qf1+ 69. Ke4 Qd3+ 70. Kf4 Kd2 71. Qb2+ Qc2 72. Qb4+ c3 73. Qd6+ Qd3 74. Qb4 Kd1 75.
Qa4+ c2 76. Kg5 Kd2 77. Qa5+ Qc3 78. Qd5+ Ke2 79. Qg2+ Kd1 80. Qf1+ Qe1 81. Qf3+ Qe2 82. Qb3 Ke1 83. Qg3+ Kf1 84. Qf4+ Qf2 85. Qc1+ Kg2 86.
Kh6 Kg3 87. Kg6 Kg4 88. Kh7 Qf5+ 89. Kh8 Kh5 90. Qh1+ Kg6 91. Qg1+ Qg5 92. Qb6+ Qf6+ 93. Qxf6+ Kxf6 0-1

[Event "*** Titled Tuesday Blitz"]
[Site "Chess.com"]
[Date "2021.03.30"]
[Round "4"]
[White "OparinGrigoriy"]
[Black "chessdjw"]
[Result "0-1"]
[WhiteElo "2978"]
[BlackElo "2786"]
[TimeControl "180+1"]
[EndTime "10:42:03 PDT"]
[Termination "chessdjw won by resignation"]

1. Nf3 Nf6 2. g3 g6 3. Bg2 Bg7 4. c4 O-O 5. Nc3 d5 6. cxd5 Nxd5 7. h4 h5 8. O-O Nc6 9. d3 Nxc3 10. bxc3 Bxc3 11. Rb1 Rb8 12. Bh6 Bg7 13. Qc1 Qd6 14. Bf4 e5 15. Be3 b6 16. Ng5 Nd4 17. Bxd4 exd4 18.
Ne4 Qe7 19. a4 c5 20. Nxc5 Bg4 21. Nb3 Rfc8 22. Qf4 Qe5 23. Qxe5 Bxe5 24. f4 Bf6 25.
Kf2 Rc2 26. Bf3 Be6 27. a5 b5 28. a6 Rb6 29. Na5 Bd7 30. Rfc1 Rxc1 31. Rxc1 Rxa6 32. Rc7 Be6 33. Nc6 Rb6 34. Rxa7 b4 35. Ra8+ Kg7 36. Nxb4 Rxb4 37. Ra7 Rb6 38. Ra4 Rd6 39. Rb4 Be7 40. Ra4 Rd7 41. Ra6 Kf6 42. Be4 Rd6 43. Ra4 Bd7 44. Ra7 Bd8 45. Bf3 Bb6 46. Ra8 Ke7 47.
Be4 Bc5 48. Ra5 Bb4 49. Ra7 Bd2 50. Kg2 Be3 51. f5 gxf5 52. Bxf5 Kd8 53. Bxd7 Rxd7 54.
Ra5 Ke7 55. Rxh5 Ra7 56. g4 Ra1 57. Rf5 Ke6 58. Rb5 Rg1+ 59. Kf3 Rf1+ 60. Kg3 Re1 61. Rb6+ Ke7 62. Rb7+ Kf8 63. g5 Kg7 64. Kg4 Rxe2 65. Kh5 Rd2 66. g6 Rf2 67. gxf7 Rxf7 68. Rb5 Rf6 69. Kg4 Rf4+ 70. Kh5 Rf8 71. Kg4 Kh6 72. Rb6+ Kh7 73. Rb7+ Kh6 74. Rb6+ Kg7 75. Rb7+ Rf7 76. Rb6 Rc7 77. Kf5 Rc5+ 78. Ke4 Rh5 79. Rb7+ Kg6 80. Rb6+ Kf7 81. Rb7+ Ke6 82. Rb6+ Kd7 83. Rg6 Rxh4+ 84. Kd5 Rh7 85. Ra6 Rh5+ 86. Kc4 Kc7 87. Rg6 Re5 88. Rg7+ Kd6 89. Rg6+ Re6 90. Rg8 Ke5 91. Rc8 Rd6 92. Re8+ Kf5 93. Rf8+ Rf6 94. Rg8 Rc6+ 95. Kd5 Rc3 96.
Rf8+ Kg4 97. Ke4 Kg3 98. Rf7 Kg2 99. Rf5 Rc8 100. Rf7 Re8+ 101. Kd5 Bf2 102. Rf4 Kf1 103. Kc4 Ke2 104. Rf7 Rc8+ 0-1

[Event "*** Titled Tuesday Blitz"]
[Site "Chess.com"]
[Date "2021.03.30"]
[Round "4"]
[White "Romadk"]
[Black "aunqa"]
[Result "0-1"]
[WhiteElo "2308"]
[BlackElo "2184"]
[TimeControl "180+1"]
[EndTime "10:42:10 PDT"]
[Termination "aunqa won by checkmate"]

1. d4 f5 2. e4 fxe4 3. Nc3 Nf6 4. Bg5 Nc6 5. d5 Ne5 6. Qd4 Ng6 7. h4 e5 8. dxe6 d6 9. Nxe4 Be7 10. h5 Nf8 11. h6 Nxe6 12. hxg7 Rg8 13. Nxf6+ Kf7 14. Bc4 Bxf6 15.
Bxf6 Qxf6 16. Qxf6+ Kxf6 17. Rxh7 Rxg7 18. Rxg7 Nxg7 19. O-O-O Bf5 20. Nf3 Re8 21. Nd4 Bg6 22.
Nb5 Re7 23. Nxa7 Be4 24. f3 Bf5 25. Nb5 Ne6 26. Bxe6 Bxe6 27. Re1 Rg7 28. g4 Bd5 29. Re3 Kg5 30. Rc3 c6 31. Nxd6 Kf4 32. Nf5 Rh7 33.
b3 Bxf3 34. Nd6 Bxg4 35. Kb2 Bf3 36. a4 Bd5 37. Nc4 Ke4 38. Nd2+ Ke5 39. Nc4+ Ke6 40. Nb6 Be4 41. Nc4 Bd5 42. Ne3 Be4 43. Nd1 Kd7 44. Nf2 Bd5 45. Nd3 Kc7 46. a5 Rh2 47. b4 Kb8 48. Nc5 Rh7 49. Re3 Bc4 50. Re8+ Ka7 51. Re3 Rg7 52. Kc3 Bb5 53. Ne6 Rh7 54. Nd4 Ba6 55. Nb3 Bb5 56. Nd4 Ba6 57. Kb3 Rh4 58. Ne2 Bc4+ 59. Kb2 Ba6 60. c3 Rh2 61. Kb3 Rxe2 62.
Rf3 Rh2 63. Rg3 Be2 64. Re3 Bd1+ 65. Ka3 Rc2 66. Rd3 Rc1 67. Rd2 Bf3 68. Rd3 Bd5 69. Kb2 Rh1 70. Re3 Ka6 71. Rd3 Kb5 72. Rd4 Ka4 73.
Kc2 Rh2+ 74. Kd3 Kb3 75. b5 Rh3+ 76. Kd2 Rh2+ 77. Kd3 Rh3+ 78. Kd2 Rxc3 79. a6 bxa6 80.
bxa6 Rc2+ 81. Kd3 Ra2 82. a7 Rxa7 83. Kd2 Rd7 84. Rd3+ Kb4 85. Re3 Kc5 86. Kc2 Kd6 87.
Rg3 c5 88. Rg6+ Be6 89. Rg5 c4 90. Kc3 Rc7 91. Rg1 Rb7 92. Rd1+ Kc5 93. Re1 Rb3+ 94.
Kc2 Bd5 95. Kd2 Kd4 96. Kc2 Rd3 97. Rg1 Be4 98. Rg4 Rg3+ 99. Rxe4+ Kxe4 100. Kc1 Kd4 101. Kc2 Rg2+ 102. Kc1 Kc3 103. Kb1 Rg1+ 104. Ka2 Rh1 105. Ka3 Ra1# 0-1

[Event "*** Titled Tuesday Blitz"]
[Site "Chess.com"]
[Date "2021.03.30"]
[Round "4"]
[White "Bigfish1995"]
[Black "Jumbo"]
[Result "0-1"]
[WhiteElo "3011"]
[BlackElo "2800"]
[TimeControl "180+1"]
[EndTime "10:42:12 PDT"]
[Termination "Jumbo won by resignation"]

1. e4 e5 2. Qh5 Nc6 3. Bc4 Qf6 4. Nc3 Qg6 5. Qxg6 hxg6 6. Nb5 Bd6 7. Nxd6+ cxd6 8. Nf3 Nf6 9. d3 Na5 10. b3 a6 11. a4 b6 12. Ba3 Nb7 13. Ng5 Rf8 14.
f4 exf4 15. O-O Nh5 16. g4 fxg3 17. Nxf7 gxh2+ 18. Kxh2 Nf6 19. e5 dxe5 20. Bxf8 Kxf8 21. Nxe5 Ke8 22. Bf7+ Kd8 23. Bxg6 Nd6 24. Rae1 Bb7 25.
Kg3 Kc7 26. Ng4 Rf8 27. Nxf6 gxf6 28. Kf4 Bd5 29. Rf2 Rg8 30. Bh5 Rg5 31. Bg4 Bc6 32.
Rh2 b5 33. axb5 axb5 34. Re7 Rc5 35. Reh7 f5 36. Bd1 b4 37. Ke3 Nb5 38. R2h4 Na3 39. Kd2 Nb1+ 40. Kc1 Nc3 41. Rxb4 Na2+ 42. Kd2 Nxb4 43.
c4 Na6 44. d4 Ra5 45. Kc3 Ra1 46. Bc2 Rf1 47. d5 Rf3+ 48. Kd4 Nb4 49. Bb1 Rxb3 50. Bxf5 Ba4 51. Rh6 Rf3 52. Be4 Rf4 53. Ke5 Rf1 54. Rh4 Re1 55. Kd4 Na6 56. c5 Rd1+ 57.
Ke5 Nxc5 58. Bf5 d6+ 59. Kf6 Bd7 60. Bg6 Rf1+ 61. Ke7 Re1+ 62. Kf6 Re5 63. Bf7 Rf5+ 64. Ke7 Re5+ 65. Kf6 Ne4+ 66. Kg7 Re7 67. Kf8 Re5 68. Rh2 Nc5 69. Rd2 Bb5 70. Rb2 Bc4 71. Rd2 Re3 72. Kg7 Rd3 73. Rb2 Bxd5 74. Bg6 Rg3 75. Kf6 Bc6 76. Bf7 Nd7+ 77. Ke7 Re3+ 78. Be6 Nc5 79. Kf6 Rxe6+ 80. Kf5 Be4+ 81. Kg5 Rg6+ 82. Kh4 Rg8 83. Re2 d5 84. Re1 Kd6 85. Rd1 Ne6 86. Ra1 Ke5 87.
Rf1 Nd4 88. Rf2 Nf3+ 89. Kh5 Rh8+ 90. Kg4 Rg8+ 91. Kh5 Nd4 92. Rf1 Nf5 93. Rf2 d4 94. Ra2 d3 95. Rb2 Nd4 96. Ra2 Nf3 97. Kh6 Kf4 98.
Ra7 d2 99. Rf7+ Ke3 100. Rd7 Rg1 0-1

[Event "*** Titled Tuesday Blitz"]
[Site "Chess.com"]
[Date "2021.03.30"]
[Round "5"]
[White "Revnov"]
[Black "Taktikmonster"]
[Result "1-0"]
[WhiteElo "2675"]
[BlackElo "2374"]
[TimeControl "180+1"]
[EndTime "10:49:46 PDT"]
[Termination "Revnov won by resignation"]

1. e4 c5 2. Nf3 d6 3. d4 cxd4 4. Nxd4 Nf6 5. Nc3 Nc6 6. Bg5 e6 7. Qd2 a6 8. O-O-O Bd7 9. f3 Nxd4 10. Qxd4 h6 11. Be3 Bc6 12. Kb1 d5 13. e5 Nd7 14.
f4 Be7 15. Qd2 O-O 16. Ne2 f6 17. Nd4 fxe5 18. Nxe6 Qc7 19. Nxc7 1-0

[Event "*** Titled Tuesday Blitz"]
[Site "Chess.com"]
[Date "2021.03.30"]
[Round "5"]
[White "ural58"]
[Black "ecwinslow"]
[Result "1-0"]
[WhiteElo "2494"]
[BlackElo "2281"]
[TimeControl "180+1"]
[EndTime "10:50:18 PDT"]
[Termination "ural58 won by resignation"]

1. e4 c5 2. b3 d6 3. Bb2 e5 4. f4 exf4 5. Qf3 Qh4+ 6. g3 fxg3 7.
hxg3 Qe7 8. Nc3 Nf6 9. Nge2 Be6 10. O-O-O Nc6 11. Qe3 Qd7 12. d4 cxd4 13. Nxd4 Nxd4 14. Qxd4 Be7 15. Bb5 1-0

[Event "*** Titled Tuesday Blitz"]
[Site "Chess.com"]
[Date "2021.03.30"]
[Round "5"]
[White "GMRafpig"]
[Black "Arvids_Andrejevs"]
[Result "1-0"]
[WhiteElo "2600"]
[BlackElo "2438"]
[TimeControl "180+1"]
[EndTime "10:50:29 PDT"]
[Termination "GMRafpig won by resignation"]

1. c4 e6 2. g3 Nf6 3. Bg2 d5 4.
Nf3 Be7 5. O-O O-O 6. b3 c5 7. Bb2 Nc6 8. cxd5 Nxd5 9. Nc3 Nxc3 10. Bxc3 Bf6 11. Rc1 Bd7 12. Bxf6 Qxf6 13. Rxc5 b6 14. Rc1 Rac8 15. d4 Nb4 16. Qd2 a5 17. Ne5 Bb5 18. a3 Rfd8 19. Rxc8 Rxc8 20. axb4 1-0

[Event "*** Titled Tuesday Blitz"]
[Site "Chess.com"]
[Date "2021.03.30"]
[Round "5"]
[White "SirStrateg"]
[Black "Bacyanide"]
[Result "0-1"]
[WhiteElo "2546"]
[BlackElo "2429"]
[TimeControl "180+1"]
[EndTime "10:50:36 PDT"]
[Termination "Bacyanide won by resignation"]

1. d4 Nf6 2. Bf4 d5 3. e3 e6 4. Nd2 Bd6 5. Bg3 O-O 6. Ngf3 c5 7.
c3 Qc7 8. Bd3 Nbd7 9. O-O e5 10.
dxe5 Nxe5 11. Nxe5 Bxe5 12. Nf3 Bxg3 13. hxg3 Be6 14. Qa4 h6 15. Rfd1 a6 16. Qf4 Qe7 17. b4 g5 18. Qe5 Ng4 0-1